 Dungeon Crawl Stone Soup version 0.19.5 (webtiles) character file.

8360 Firecrotchwizard the Impaler (level 11, -1/84 HPs)
             Began as a Merfolk Gladiator on Mar 21, 2017.
             Was an Elder of Okawaru.
             Slain by an orc warrior
             ... wielding a +0 trident
              (15 damage)
             ... on level 11 of the Dungeon.
             The game lasted 00:34:41 (11946 turns).

Firecrotchwizard the Impaler (Merfolk Gladiator)   Turns: 11946, Time: 00:34:42

Health: -1/84      AC: 12    Str: 17    XL:     11   Next: 29%
Magic:  15/15      EV: 20    Int:  7    God:    Okawaru [****..]
Gold:   618        SH:  0    Dex: 17    Spells: 0 memorised, 10 levels left

rFire  . . .     SeeInvis .     l - +0 halberd
rCold  . . .     Gourm    .     k - +0 ring mail
rNeg   . . .     Faith    .     (shield currently unavailable)
rPois  .         Spirit   .     c - +2 helmet
rElec  .         Reflect  .     C - +0 cloak
rCorr  .         Harm     .     t - +1 pair of gloves
MR     .....                    (no boots)
Stlth  ++........               (no amulet)
                                (no ring)
                                L - ring of wizardry

@: heroism
A: change form in water, swift swim, stealthy swim
a: Heroism, Renounce Religion


You were on level 11 of the Dungeon.
You worshipped Okawaru.
Okawaru was greatly pleased with you.
You were not hungry.

You visited 2 branches of the dungeon, and saw 12 of its levels.
You also visited: Sewer.

You collected 717 gold pieces.
You spent 99 gold pieces at shops.

Inventory:

Hand Weapons
 a - a +0 trident
 l - a +0 halberd (weapon)
 r - a +1 bardiche
 F - a +1 trident of protection
Missiles
 d - 3 throwing nets
 w - 2 poisoned javelins
 N - 2 steel javelins
 Q - 7 javelins of returning (quivered)
Armour
 b - a +0 leather armour
 c - a +2 helmet (worn)
 k - a +0 ring mail (worn)
 t - a +1 pair of gloves (worn)
 C - a +0 cloak (worn)
Jewellery
 L - a ring of wizardry (left hand)
Wands
 A - a wand of random effects (21/48)
 B - a wand of enslavement (14/24)
 E - a wand of lightning (15/15)
 K - a wand of lightning (6/15)
 O - a wand of iceblast (6/15)
 U - a wand of slowing (16/48)
Scrolls
 j - 3 scrolls of fog
 o - 6 scrolls of teleportation
 q - 2 scrolls of blinking
 x - 4 scrolls of magic mapping
 y - 4 scrolls of identify
 D - 4 scrolls of remove curse
 J - a scroll of recharging
 M - a scroll of summoning {unknown}
 T - a scroll of silence
Potions
 e - 3 potions of flight {unknown}
 g - 2 potions of ambrosia {unknown}
 h - a potion of cure mutation {unknown}
 m - 3 potions of resistance {unknown}
 n - 3 potions of degeneration {unknown}
 p - 2 potions of curing
 s - 4 potions of lignification
 u - 6 potions of haste
 v - a potion of might {unknown}
 z - a potion of magic {unknown}
 G - 4 potions of brilliance {unknown}
 H - a potion of mutation {unknown}
 I - a potion of agility {unknown}
 P - 2 potions of heal wounds {unknown}
 R - a potion of invisibility {unknown}
Comestibles
 f - 11 bread rations
 i - 3 meat rations
 S - a chunk of flesh


   Skills:
 + Level 7.1(12.1) Fighting
 * Level 18.1(23.1) Polearms
 - Level 2.2(7.2) Throwing
 + Level 9.0(14.0) Dodging
 + Level 6.2 Invocations


You had 10 spell levels left.
You didn't know any spells.

Dungeon Overview and Level Annotations

Branches:
Dungeon (11/15)            Temple (1/1) D:6             Orc (0/2) D:9
   Lair: D:8-11

Altars:
Ashenzari
Cheibriados
Dithmenos
Fedhas
Gozag
Hepliaklqana
Kikubaaqudgha
Makhleb
Nemelex Xobeh
Okawaru
Qazlal
Ru
Sif Muna
Xom
Yredelemnul
Zin
The Shining One

Shops:
D:4 !

Annotations:
D:4 Sigmund


Message History

The orc warrior is lightly wounded.
The orc warrior closely misses you.
Attack whom?
Press: ? - help, Dir - move target cursor, f/p - orc warrior
Aim: an orc warrior, wielding a trident and wearing a chain mail (lightly wounded)
You reach to attack!
You closely miss the orc warrior.
The orc warrior is lightly wounded.
The yak barely misses you.
The orc warrior hits you from afar with a trident!
* * * LOW HITPOINT WARNING * * *
Attack whom?
Press: ? - help, Dir - move target cursor, f/p - orc warrior
Aim: an orc warrior, wielding a trident and wearing a chain mail (lightly wounded)
The yak is in the way.
You slash the yak!
The yak is almost dead.
The yak barely misses you.
Okay, then.
You feel better.
The orc warrior hits you from afar with a trident!
You die...

#..........#####.#####.....
#................# #.....
###..........#####.# #.....
.............# #.# #.....
##..........# #.# #.....
#..........# #.#####.....
#......(...# #...(.(..)..
#..........# #.#####.####
#.########@# #.# #.# ...
#Y# #.# #.# ### #o#####.#
#.# #oo.....# #.# #.#####.#
#.# ########.# #.# #.#
.........# #.# #.#
########.# #.# #.# #.# #.#
#.####


You could see a yak, an orc warrior and 2 orcs.

Vanquished Creatures
  A hill giant (D:10)
  2 ugly things (D:11)
  A cyclops (D:11)
  Prince Ribbit (D:8)
  2 two-headed ogres
  A hippogriff (D:10)
  A vampire (D:9)
  A wraith (D:11)
  6 yaks (D:9)
  A water moccasin (D:8)
  An orc warrior (D:6)
  2 sky beasts
  A phantom (D:9)
  A black bear (D:7)
  8 ogres
  A necrophage (D:8)
  3 centaurs
  2 big kobolds
  Blork the orc (D:4)
  8 bullfrogs
  A water moccasin zombie (D:7)
  A water moccasin skeleton (D:8)
  A scorpion (D:9)
  10 killer bees
  8 howler monkeys
  2 vampire bats (D:6)
  A crimson imp (D:9)
  A quasit (D:8)
  5 hounds
  3 jellies
  3 orc wizards
  5 orc priests
  A bullfrog skeleton (D:11)
  A centaur skeleton (D:11)
  A gnoll shaman (D:4)
  6 iguanas
  11 worker ants
  2 hound zombies
  A howler monkey zombie (D:7)
  A worker ant zombie (D:8)
  17 adders
  7 gnolls (D:4)
  A howler monkey skeleton (D:8)
  2 river rats (Sewer)
  An adder zombie (D:5)
  2 oozes (Sewer)
  2 adder skeletons
  4 worms
  3 dart slugs
  4 leopard geckos
  16 orcs
  8 giant cockroaches
  11 goblins
  14 hobgoblins
  6 jackals
  17 kobolds
  4 quokkas
  15 ball pythons
  13 bats
  6 frilled lizards
  37 rats
300 creatures vanquished.

Notes
Turn   | Place    | Note
-------+----------+-------------------------------------------
     0 | D:1      | Firecrotchwizard the Merfolk Gladiator began the quest for the Orb.
     0 | D:1      | Reached XP level 1. HP: 16/16 MP: 1/1
   137 | D:1      | Reached skill level 5 in Polearms
   142 | D:1      | Reached XP level 2. HP: 22/22 MP: 2/2
   354 | D:1      | Reached XP level 3. HP: 27/27 MP: 3/3
   369 | D:1      | Reached skill level 6 in Polearms
  1135 | D:2      | Reached skill level 7 in Polearms
  1135 | D:2      | Reached XP level 4. HP: 32/33 MP: 4/4
  1303 | D:2      | Found a glowing silver altar of Zin.
  1850 | D:3      | Reached skill level 8 in Polearms
  1876 | D:3      | Reached XP level 5. HP: 38/38 MP: 5/5
  2084 | D:3      | Found a sacrificial altar of Ru.
  2512 | D:4      | Reached skill level 9 in Polearms
  2541 | D:4      | Reached XP level 6. HP: 34/44 MP: 6/6
  2621 | D:4      | Found a blossoming altar of Fedhas.
  2738 | D:4      | Found Qumeij's Distillery.
  2743 | D:4      | Bought a potion of curing for 33 gold pieces
  2743 | D:4      | Bought a potion of curing for 33 gold pieces
  2743 | D:4      | Bought a potion of curing for 33 gold pieces
  2852 | D:4      | Found a glowing drain.
  2859 | Sewer    | Entered a sewer
  2959 | Sewer    | Reached skill level 10 in Polearms
  3299 | Sewer    | Reached skill level 11 in Polearms
  3299 | Sewer    | Reached XP level 7. HP: 40/50 MP: 7/7
  3502 | D:4      | Noticed Sigmund
  3955 | D:4      | Reached skill level 12 in Polearms
  4725 | D:4      | Noticed Blork the orc
  4737 | D:4      | Killed Blork the orc
  4737 | D:4      | Reached XP level 8. HP: 54/56 MP: 8/8
  4759 | D:5      | Entered Level 5 of the Dungeon
  4825 | D:5      | Reached skill level 13 in Polearms
  5650 | D:6      | Found a staircase to the Ecumenical Temple.
  5659 | Temple   | Entered the Ecumenical Temple
  5681 | Temple   | Became a worshipper of Warmaster Okawaru
  5709 | D:6      | Reached skill level 14 in Polearms
  6085 | D:6      | Reached * piety under Okawaru
  6085 | D:6      | Reached skill level 15 in Polearms
  6310 | D:6      | Reached XP level 9. HP: 36/62 MP: 9/9
  7251 | D:7      | Reached skill level 1 in Invocations
  7596 | D:7      | Reached skill level 5 in Dodging
  7959 | D:7      | Reached skill level 16 in Polearms
  7980 | D:7      | Reached ** piety under Okawaru
  8265 | D:7      | Found a basalt altar of Yredelemnul.
  8265 | D:7      | Found a burning altar of Makhleb.
  8844 | D:8      | Found an ancient bone altar of Kikubaaqudgha.
  8915 | D:8      | Noticed Prince Ribbit
  8919 | D:8      | Killed Prince Ribbit
  8921 | D:8      | Reached XP level 10. HP: 73/73 MP: 9/12
  9143 | D:8      | Reached skill level 5 in Fighting
  9478 | D:9      | Reached *** piety under Okawaru
  9506 | D:9      | Found a staircase to the Orcish Mines.
  9578 | D:9      | Reached skill level 17 in Polearms
  9586 | D:9      | Received a gift from Okawaru
  9697 | D:9      | HP: 2/74 [vampire (5)]
 10160 | D:9      | Reached skill level 5 in Invocations
 10367 | D:10     | Entered Level 10 of the Dungeon
 10674 | D:10     | Noticed a hill giant
 10684 | D:10     | Killed a hill giant
 11072 | D:10     | Reached **** piety under Okawaru
 11341 | D:11     | Reached XP level 11. HP: 74/83 MP: 15/15
 11479 | D:11     | Noticed a cyclops
 11497 | D:11     | Killed a cyclops
 11500 | D:11     | Noticed a brown ugly thing
 11515 | D:11     | Killed a brown ugly thing
 11515 | D:11     | Reached skill level 18 in Polearms
 11898 | D:11     | Noticed a purple ugly thing
 11928 | D:11     | Killed a purple ugly thing
 11944 | D:11     | HP: 4/84 [orc warrior/trident (14)]
 11946 | D:11     | Slain by an orc warrior

Skill      XL: |  1  2  3  4  5  6  7  8  9 10 11 |
---------------+----------------------------------+-----
Polearms       | 5 7 8 9 11 12 15 16 17 18 | 18.1
Fighting       | 4 6 7 |  7.1
Invocations    | 3 5 6 |  6.2
Dodging        | 6 8 9 |  9.0
Throwing       | |  2.2

Action                   |  1- 3 |  4- 6 |  7- 9 | 10-12 || total
-------------------------+-------+-------+-------+-------++-------
Melee: Trident           |   120 |   302 |   475 |       ||   897
       Tailslap          |       |     2 |     1 |       ||     3
       Halberd           |       |       |    80 |   332 ||   412
       Punch             |       |       |     1 |       ||     1
Throw: Throwing net      |       |       |     1 |       ||     1
       Javelin           |       |       |       |    12 ||    12
Invok: Heroism           |       |       |     4 |     6 ||    10
  Use: Scroll            |     1 |       |    15 |     3 ||    19
       Potion            |       |       |     1 |     6 ||     7
 Stab: Sleeping          |     2 |       |       |       ||     2
       Distracted        |       |     1 |       |       ||     1
       Held in net/web   |       |       |     1 |       ||     1
  Eat: Chunk             |     1 |     7 |    18 |     3 ||    29
       Meat ration       |       |       |       |     1 ||     1
       Royal jelly       |       |       |       |     1 ||     1
       Pizza             |       |       |       |     1 ||     1
Armor: Leather armour    |    24 |     2 |       |       ||    26
       Ring mail         |       |    40 |    99 |    67 ||   206
Dodge: Dodged            |    58 |   145 |   222 |   141 ||   566
